 Dungeon Crawl Stone Soup version 0.22-a0-86-g94e0ad4 (webtiles) character file.

2849 nono the Fighter (level 9, -2/114 HPs)
             Began as an Ogre Fighter on Jan 21, 2018.
             Was an Initiate of the Shining One.
             Killed from afar by an electric eel (12 damage)
             ... with a bolt of electricity
             ... on level 6 of the Dungeon.
             The game lasted 00:27:19 (10049 turns).

nono the Fighter (Ogre Fighter)                    Turns: 10049, Time: 00:27:20

Health: -2/114     AC:  4    Str: 30    XL:     9   Next: 74%
Magic:  15/15      EV:  8    Int:  9    God:    the Shining One [......]
Gold:   30         SH:  9    Dex:  8    Spells: 14/17 levels left

rFire    . . .     SeeInvis .   j - +2 dagger (venom)
rCold    + . .     Gourm    .   c - +0 shield
rNeg     . . .     Faith    .   b - +1 robe
rPois    .         Spirit   .   (helmet restricted)
rElec    .         Reflect  .   (no cloak)
rCorr    .         Harm     .   (gloves unavailable)
MR       .....                  (boots unavailable)
Stlth    +.........             (no amulet)
HPRegen  0.29/turn              s - ring of flight
MPRegen  0.14/turn              n - ring of protection from cold

@: mighty, glowing
A: large, unfitting armour, tough skin 1
a: Renounce Religion, Evoke Flight


You were on level 6 of the Dungeon.
You worshipped the Shining One.
The Shining One was noncommittal.
You were not hungry.

You visited 2 branches of the dungeon, and saw 8 of its levels.

You collected 270 gold pieces.
You spent 240 gold pieces at shops.

Inventory:

Hand Weapons
 a - a +0 flail
 h - a +2 short sword of distortion
 j - a +2 dagger of venom (weapon)
 r - a +0 short sword of speed
 v - a +0 blowgun
 E - a +0 giant spiked club
Missiles
 w - 17 poisoned needles
Armour
 b - a +1 robe (worn)
 c - a +0 shield (worn)
Jewellery
 i - an uncursed ring of teleportation
 n - a ring of protection from cold (right hand)
 q - an uncursed ring of stealth
 s - a ring of flight (left hand)
 u - a cursed ring of teleportation
 B - an uncursed ring of fire {unknown}
Wands
 G - a wand of scattershot (1)
Scrolls
 g - 2 scrolls of enchant armour
 k - 2 scrolls of amnesia
 m - a scroll of fear
 o - a scroll of blinking
 p - 3 scrolls of teleportation
 t - a scroll of enchant weapon {unknown}
 x - a scroll of immolation {unknown}
 y - a scroll of holy word {unknown}
 A - 2 scrolls of remove curse
 F - a scroll of fog {unknown}
Potions
 d - a potion of might
 e - 2 potions of lignification
 l - a potion of curing
 H - a potion of agility {unknown}
Books
 D - a book of Minor Magic

   Spells                             Type                      Level
   a - Magic Dart                     Conjuration                  1
   b - Blink                          Translocation                2
   c - Call Imp                       Summoning                    2
   d - Slow                           Hexes                        2
   e - Conjure Flame                  Conjuration/Fire             3
   f - Mephitic Cloud                 Conjuration/Poison/Air       3
Comestibles
 f - 10 rations


   Skills:
 - Level 14.5 Fighting
 - Level 2.5 Maces & Flails
 - Level 2.6 Dodging
 - Level 2.6 Shields
 + Level 4.5 Spellcasting
 + Level 3.7 Translocations


You had 14 spell levels left.
You knew the following spells:

 Your Spells              Type           Power        Failure   Level  Hunger
a - Blink                 Tloc           N/A          32%         2    ##.....
b - Magic Dart            Conj           #...         71%         1    #......


Dungeon Overview and Level Annotations

Branches:
Dungeon (7/15)             Temple (1/1) D:5

Altars:
Ashenzari
Cheibriados
Dithmenos
Fedhas
Kikubaaqudgha
Makhleb
Nemelex Xobeh
Okawaru
Ru
Sif Muna
Trog
Uskayaw
Vehumet
Wu Jian
Xom
Yredelemnul
Zin
The Shining One

Shops:
D:5 :


Innate Abilities, Weirdness & Mutations

You are too large for most types of armour.
You have tough skin. (AC +1)


Message History

The electric eel completely resists.
You puncture the electric eel!
You kill the electric eel!
You hear a splash.
The electric eel shoots out a bolt of lightning at you!
The bolt of electricity misses you.
Unknown command.
The electric eel shoots out a bolt of lightning at you!
The bolt of electricity hits you!
* * * LOW HITPOINT WARNING * * *
Unknown command.
You barely miss the electric eel.
The electric eel shoots out a bolt of lightning at you!
The bolt of electricity hits you!
* * * LOW HITPOINT WARNING * * *
Unknown command.
You feel better.
The electric eel shoots out a bolt of lightning at you!
The bolt of electricity hits you!
You die...

....#................###.#.......
..............######...))..g.....
..............'..≈≈#####..g......
......#######.#####≈#######.#####
......# ###≈≈≈##≈....##.....g
...o..# #≈≈%≈≈######.#######
......# #).≈≈=##;≈≈##≈# # ......#
#.P;.(#≈;.≈≈#≈# # ......#
#.†@P≈#?.≈$$#≈# # #.....#...P≈#≈#
# #.....#≈P.PP#.# #
###'..##.....#.# # #..##### #.# #
##..≈≈≈##+ ##.# #####≈..####.##
###..≈≈≈## #.##############


You could see an electric eel.

Vanquished Creatures
  Sigmund (D:5)
  A hungry ghost (D:7)
  2 black bears
  An ice beast (D:7)
  An orc warrior (D:7)
  A sky beast (D:7)
  4 ogres
  2 centaurs (D:4)
  4 bullfrogs
  Blork the orc (D:6)
  A scorpion (D:5)
  2 electric eels (D:6)
  2 howler monkeys (D:6)
  4 crimson imps
  A hound (D:7)
  A jelly (D:5)
  A gnoll shaman (D:4)
  4 orc priests
  3 iguanas
  5 worker ants
  6 orc wizards
  15 adders
  9 gnolls
  2 shadow imps (D:6)
  An adder skeleton (D:5)
  8 worms
  3 dart slugs
  5 leopard geckos
  25 orcs
  6 giant cockroaches
  8 goblins
  9 hobgoblins
  12 jackals
  8 quokkas
  2 ball pythons
  6 bats
  5 frilled lizards
  2 kobolds
  A quokka skeleton (D:4)
  4 rats
179 creatures vanquished.

Vanquished Creatures (others)
  A plant (D:6)
1 creature vanquished.

Grand Total: 180 creatures vanquished

Notes
Turn   | Place    | Note
-------+----------+-------------------------------------------
     0 | D:1      | nono the Ogre Fighter began the quest for the Orb.
     0 | D:1      | Reached XP level 1. HP: 24/24 MP: 1/1
    40 | D:1      | Reached XP level 2. HP: 28/33 MP: 2/2
   353 | D:1      | Reached XP level 3. HP: 39/40 MP: 3/3
   781 | D:2      | Reached skill level 5 in Fighting
  1112 | D:2      | Reached XP level 4. HP: 33/52 MP: 4/4
  1394 | D:2      | Reached skill level 6 in Fighting
  1871 | D:3      | Reached XP level 5. HP: 61/61 MP: 5/5
  1964 | D:3      | Reached skill level 7 in Fighting
  2095 | D:3      | Noticed a centaur
  2649 | D:4      | Noticed a centaur
  2660 | D:4      | Killed a centaur
  2660 | D:4      | Reached skill level 8 in Fighting
  2660 | D:4      | Reached XP level 6. HP: 46/74 MP: 6/6
  2833 | D:4      | Found a blossoming altar of Fedhas.
  2904 | D:4      | Reached skill level 9 in Fighting
  3103 | D:4      | Reached XP level 7. HP: 73/84 MP: 7/7
  3254 | D:4      | Reached skill level 10 in Fighting
  3686 | D:5      | Entered Level 5 of the Dungeon
  3914 | D:5      | Noticed Sigmund
  3926 | D:5      | Killed Sigmund
  3926 | D:5      | Reached skill level 11 in Fighting
  4154 | D:5      | Found a staircase to the Ecumenical Temple.
  4156 | D:5      | You fall through a shaft for 2 floors!
  4185 | D:7      | Reached XP level 8. HP: 64/97 MP: 8/8
  4379 | D:7      | Reached skill level 12 in Fighting
  4915 | D:7      | Reached skill level 13 in Fighting
  5379 | D:6      | Noticed Blork the orc
  5744 | D:7      | Reached skill level 14 in Fighting
  5744 | D:7      | Reached XP level 9. HP: 36/113 MP: 9/9
  6314 | Temple   | Entered the Ecumenical Temple
  6475 | Temple   | Became a worshipper of the Shining One
  6919 | D:5      | Found Jodup's Book Shoppe.
  6923 | D:5      | Bought a book of Minor Magic for 240 gold pieces
  6926 | D:5      | Learned a level 2 spell: Blink
  7008 | D:5      | Reached skill level 1 in Spellcasting
  7008 | D:5      | Reached skill level 1 in Translocations
  7128 | D:5      | Found an iron altar of Okawaru.
  7768 | D:6      | Killed Blork the orc
  9768 | D:6      | Learned a level 1 spell: Magic Dart
 10044 | D:6      | The Shining One protects you from harm!
 10048 | D:6      | HP: 3/114 [electric eel/bolt of electricity (10)]
 10049 | D:6      | Killed from afar by an electric eel

Vault maps used:
D:1:      ncdulo_halloftheorcs
D:2:      kennysheep_generic_room_16
D:4:      fedhas_bush_and_centaur_altar, first_ration
D:5:      kennysheep_okawaru_gauntlet, temple_fountains, serial_shops, shop,
          uniq_sigmund
D:6:      cheibrodos_two_vegetables, uniq_blork_the_orc
D:7:      minmay_misc_feat_columns
Temple:   nicolae_temple_elliptical

Skill      XL: |  1  2  3  4  5  6  7  8  9 |
---------------+----------------------------+-----
Maces & Flails | 2 |  2.5
Fighting       | 5 6 8 9 11 14 | 14.5
Spellcasting   | 4 |  4.5
Translocations | 3 |  3.7
Dodging        | |  2.6
Shields        | |  2.6

Action                   |  1- 3 |  4- 6 |  7- 9 || total
-------------------------+-------+-------+-------++-------
Melee: Flail             |    69 |       |       ||    69
       Dagger            |    32 |   178 |   428 ||   638
       Giant spiked club |       |       |     2 ||     2
 Cast: Magic Dart        |       |       |     5 ||     5
       Blink             |       |       |     1 ||     1
Evoke: Wand              |       |       |     3 ||     3
  Use: Scroll            |       |     6 |     6 ||    12
       Potion            |       |       |     4 ||     4
 Stab: Sleeping          |     2 |     4 |       ||     6
  Eat: Chunk             |     1 |     6 |    18 ||    25
       Ration            |       |       |     2 ||     2
Armor: Robe              |    17 |    30 |    68 ||   115
Dodge: Dodged            |    34 |    54 |   130 ||   218
Block: Shield            |    42 |    67 |   163 ||   272

Table legend:
 A = Spawn XP
 B = Non-spawn XP
 C = Spawn XP percentage of total XP
 D = Spawn monster count
 E = Non-spawn monster count
 F = Spawn count percentage of total count
 G = Total turns spent on level
                    A         B        C        D         E        F      G
               +---------+---------+-------+---------+---------+-------+---------
         Total |       0 |    4071 |   0.0 |       0 |     179 |   0.0 | 10049
               +---------+---------+-------+---------+---------+-------+---------
           D:1 |       0 |      39 |   0.0 |       0 |      20 |   0.0 |   757
           D:2 |       0 |     113 |   0.0 |       0 |      28 |   0.0 |  1082
           D:3 |       0 |      84 |   0.0 |       0 |      23 |   0.0 |   624
           D:4 |       0 |     545 |   0.0 |       0 |      27 |   0.0 |  1223
           D:5 |       0 |     915 |   0.0 |       0 |      20 |   0.0 |  1459
           D:6 |       0 |    1000 |   0.0 |       0 |      30 |   0.0 |  2081
           D:7 |       0 |    1375 |   0.0 |       0 |      31 |   0.0 |  2650
               +---------+---------+-------+---------+---------+-------+---------
